 Dungeon Crawl Stone Soup version 0.32-a0-900-g30fb1b0edc (webtiles) character file.

Game seed: 18292555531975760862

1047 RBrandon the Fighter (level 8, -16/74 HPs)
             Began as a Mountain Dwarf Monk on Apr 5, 2024.
             Killed from afar by an acid dragon (27 damage)
             ... with a splash of acid
             ... on level 5 of the Dungeon.
             The game lasted 00:08:12 (4582 turns).

RBrandon the Fighter (Mountain Dwarf Monk)          Turns: 4582, Time: 00:08:12

Health: -16/74     AC:  5    Str: 15    XL:     8   Next: 5%
Magic:  8/8        EV: 12    Int: 15    God:
Gold:   277        SH:  0    Dex: 14    Spells: 7/7 levels left

rFire   . . .        a - +0 hand axe
rCold   . . .        d - orb {light}
rNeg    . . .        m - +0 chain mail
rPois   .            r - +2 helmet of Fae Awe {+Blink Dex+3 SInv}
rElec   .            t - +1 cloak {Will+}
rCorr   .            b - +0 pair of gloves
SInv    +            (no boots)
Will    .....        (no amulet) Stlth
                     w - +5 ring of evasion
HPRegen 0.32/turn    o - +4 ring of protection
MPRegen 0.11/turn

%: no passive effects
@: lethally poisoned (-16 -> -23), weak-willed, corroded, attractive, hasted,
glowing, very quick
A: runic magic, artefact enchanting, clever 1
a: Evoke Blink


You were on level 5 of the Dungeon.
You visited 1 branch of the dungeon, and saw 5 of its levels.

You collected 277 gold pieces.

Inventory:

Hand Weapons
 a - a +0 hand axe (weapon)
Missiles
 f - 2 curare-tipped darts (quivered)
Armour
 b - a +0 pair of gloves (worn)
 d - an orb of light (worn)
 m - a +0 chain mail (worn)
 r - the +2 helmet of Fae Awe (worn) {+Blink Dex+3 SInv}
   (You took it off Robin on level 3 of the Dungeon)

   Dex+3:     It affects your dexterity (+3).
   SInv:      It lets you see invisible.
   +Blink:    It lets you blink.
 t - a +1 cloak of willpower (worn)
   (You took it off Crazy Yiuf on level 3 of the Dungeon)
Jewellery
 o - a +4 ring of protection (right hand)
 p - a ring of protection from fire
 u - a ring of see invisible
 w - a +5 ring of evasion (left hand)
Scrolls
 e - 2 scrolls of identify
 k - a scroll of enchant weapon
 y - a scroll of vulnerability
 z - a scroll of teleportation {unknown}
Potions
 h - a potion of curing
 x - a potion of magic


   Skills:
 + Level 8.2 Fighting
 - Level 3.7 Axes
 + Level 6.8 Armour
 - Level 2.2 Dodging


You had 7 spell levels left.
You didn't know any spells.
Your spell library contained the following spells:

 Spells                   Type           Power      Damage    Failure   Level
 Apportation              Tloc           0%         N/A       43%         1
 Jinxbite                 Hex            0%         N/A       58%         2
 Alistair's Intoxication  Alch           0%         N/A       100%        5


Dungeon Overview and Level Annotations

Branches:
Dungeon (5/15)
 Temple: D:4-7

Altars:
Cheibriados
Dithmenos


Innate Abilities, Weirdness & Mutations

Your spellcasting is much less encumbered by armour.
You can use scrolls of enchantment on lesser artefacts.
Your mind is acute. (Int +4, Str/Dex -1)


Message History

The hound bites you.
* * * LOW HITPOINT WARNING * * *
As you read the scroll labelled KEUCKO NESHUL, it crumbles to dust.
You feel aware of your surroundings.
You sensed 1 altar.
It was a scroll of revelation.
The acid dragon spits acid at you. The splash of acid hits you.
* * * LOW HITPOINT WARNING * * *
The hound bites you but does no damage.
Okay, then.
You feel better. The hound bites you.
* * * LOW HITPOINT WARNING * * *
As you read the scroll labelled YKEOPNI RYESCH, it crumbles to dust.
The creatures around you are filled with an inner flame!
It was a scroll of immolation.
The acid dragon bites you.
* * * LOW HITPOINT WARNING * * *
The acid dragon barely misses you. The hound barely misses you.
The air fills with toxic fumes!
As you read the scroll labelled FONLIGOUNI, it crumbles to dust.
It was a scroll of poison.
The hound bites you but does no damage. The acid dragon completely misses you.
The acid dragon closely misses you.
As you read the scroll labelled QIMMUI SIARGH, it crumbles to dust.
It is a scroll of enchant armour.
The +1 helmet of Fae Awe {+Blink Dex+3 SInv} glows green for a while.
The hound bites you.
* * * LOW HITPOINT WARNING * * *
Blink to where?
Press: ? - help, Dir - move target, p - acid dragon
As you read the scroll labelled DOUSTI MUGICUA, it crumbles to dust.
It was a scroll of blinking.
You are engulfed in poison gas.
You are poisoned.
* * * LOW HITPOINT WARNING * * *
You feel sick.
The acid dragon is attracted toward you.
The hound is attracted toward you.
You feel sick.
The hound is engulfed in poison gas.
The hound is poisoned.
Flame seeps out of the hound.
The acid dragon spits acid at you. The splash of acid hits you!!
You die...

......#,,.~~* ####§§.§.#####
......#,...~#* ####§§§§.#####
......#,...~~#* ###§§§§§.#####
....###ß....~~#* ##§D§§§§ß#####
....####.....~~###§§h§§§§######
.......##.....~~~§§§§§§§#######
...#####*#......~§§§§§§########
...# *#......§§§§§#########
...### ##....@....## .....#
##ß.....ß## .....# ###'''###
.....# ###....#
.....#######......#
.....#........#####
.......##.%...# .....##...##.##
****** <.......####..# *,,,,*


You could see an acid dragon (inner flame, catching breath, weak-willed) and a
hound (inner flame, poisoned, weak-willed).

Vanquished Creatures
  Grinder (D:3)
  2 ogres
  A black bear (D:4)
  2 scorpions
  3 bombardier beetles
  A gnoll bouda (D:4)
  Crazy Yiuf (D:3)
  An iguana (D:4)
  Ijyb (D:3)
  Terence (D:3)
  2 orc wizards (D:3)
  Robin (D:3)
  5 gnolls
  2 adders
  A ribbon worm (D:3)
  A dart slug (D:1)
  20 orcs
  6 ball pythons
  3 endoplasms
  4 giant cockroaches
  10 goblins
  8 hobgoblins
  4 jackals (D:4)
  6 quokkas
  6 bats
  2 frilled lizards
  8 kobolds
  5 rats
108 creatures vanquished.

Notes
Turn   | Place    | Note
-------+----------+-------------------------------------------
     0 | D:1      | RBrandon the Mountain Dwarf Monk began the quest for the
                  | Orb.
     0 | D:1      | Reached XP level 1. HP: 19/19 MP: 1/1
   249 | D:1      | Reached XP level 2. HP: 26/27 MP: 2/2
   594 | D:2      | Reached skill level 4 in Fighting
   779 | D:2      | Reached skill level 1 in Armour
   779 | D:2      | Reached XP level 3. HP: 13/34 MP: 3/3
   881 | D:2      | Found a snail-covered altar of Cheibriados.
  1361 | D:2      | Found a faded altar of an unknown god.
  1667 | D:3      | Identified the +1 helmet of Fae Awe {+Blink Dex+3 SInv}
  1667 | D:3      | Noticed Robin
  1668 | D:3      | Noticed Ijyb
  1732 | D:3      | Reached XP level 4. HP: 36/41 MP: 4/4
  1752 | D:3      | Reached skill level 5 in Fighting
  1759 | D:3      | Killed Ijyb
  1893 | D:3      | Noticed Terence
  2058 | D:3      | Reached XP level 5. HP: 45/48 MP: 5/5
  2065 | D:3      | Killed Robin
  2147 | D:3      | Found a runed translucent door.
  2148 | D:3      | Noticed Crazy Yiuf
  2169 | D:3      | Killed Crazy Yiuf
  2353 | D:3      | Noticed Grinder
  2368 | D:3      | Gained mutation: Your mind is acute. (Int +4, Str/Dex -1)
                  | [potion of mutation]
  2395 | D:3      | Killed Grinder
  2396 | D:3      | Reached skill level 6 in Fighting
  2396 | D:3      | Reached XP level 6. HP: 33/58 MP: 6/6
  2583 | D:3      | Killed Terence
  2944 | D:3      | Reached skill level 5 in Armour
  3067 | D:4      | Reached XP level 7. HP: 37/64 MP: 7/7
  3187 | D:4      | Reached skill level 7 in Fighting
  3438 | D:4      | Found a shadowy altar of Dithmenos.
  4236 | D:5      | Entered Level 5 of the Dungeon
  4403 | D:5      | Reached skill level 8 in Fighting
  4403 | D:5      | Reached XP level 8. HP: 59/74 MP: 8/8
  4582 | D:5      | Killed from afar by an acid dragon

Illustrated notes

Levels and vault maps discovered:
D:1:      erik_arrival_blinker_ship, layout_basic
D:2:      wad_woods_stonehenge, layout_basic, ebering_ecumenical_altar_box,
          hangedman_feature_mirror
D:3:      layout_rooms, dk_noncrumbling_3, uniq_crazy_yiuf_cottage,
          uniq_terence, uniq_ijyb, uniq_robin, uniq_grinder
D:4:      layout_cave_pools, grunt_dithmenos_smoke, corner_web_ring
D:5:      layout_rooms, mainiacjoe_overflow_paths, kennysheep_donut,
          grunt_decor_one_mirror

Skill      XL: |  1  2  3  4  5  6  7 |
---------------+----------------------+-----
Fighting       | 4 5 6 8 |  8.2
Armour         | 1 2 4 5 6 |  6.8
Axes           | |  3.7
Dodging        | |  2.2

Action                     |  1- 3 |  4- 6 |  7- 9 || total
---------------------------+-------+-------+-------++-------
  Melee: Hand axe          |   116 |   188 |   168 ||   472
         Unarmed           |       |     1 |       ||     1
  Throw: Dart              |       |     2 |     1 ||     3
  Evoke: Wand              |       |     4 |     2 ||     6
    Use: Potion            |     1 |     4 |     5 ||    10
         Scroll            |       |       |     7 ||     7
 Armour: Robe              |    21 |       |       ||    21
         Leather armour    |    12 |       |       ||    12
         Chain mail        |    71 |   211 |   207 ||   489
         Skin              |       |     2 |       ||     2
  Dodge: Dodged            |    71 |    95 |   109 ||   275

Table legend: (Time is in decaauts)
 A = Elapsed time spent in this place.
 B = Non-inter-level travel time spent in this place.
 C = Inter-level travel time spent in this place.
 D = Time resting spent in this place.
 E = Time spent auto-exploring this place.
 F = Levels seen in this place.
 G = Mean time per level.
                   A        B        C        D        E       F      G
               +--------+--------+--------+--------+--------+-----+--------+
         Total |   4634 |   4426 |    208 |    587 |   2779 |   5 |  926.8 |
       Dungeon |   4634 |   4426 |    208 |    587 |   2779 |   5 |  926.8 |
               +--------+--------+--------+--------+--------+-----+--------+

Top non-repeatable levels by time:
     D:2: 1382 daAuts
     D:4: 1202 daAuts
     D:3: 1116 daAuts
     D:1: 585 daAuts
     D:5: 348 daAuts

Levels and vault maps discovered:
D:1:      erik_arrival_blinker_ship, layout_basic
D:2:      wad_woods_stonehenge, layout_basic, ebering_ecumenical_altar_box,
          hangedman_feature_mirror
D:3:      layout_rooms, dk_noncrumbling_3, uniq_crazy_yiuf_cottage,
          uniq_terence, uniq_ijyb, uniq_robin, uniq_grinder
D:4:      layout_cave_pools, grunt_dithmenos_smoke, corner_web_ring
D:5:      layout_rooms, mainiacjoe_overflow_paths, kennysheep_donut,
          grunt_decor_one_mirror

Table legend: (Time is in decaauts)
 A = Elapsed time spent in this place.
 B = Non-inter-level travel time spent in this place.
 C = Inter-level travel time spent in this place.
 D = Time resting spent in this place.
 E = Time spent auto-exploring this place.
 F = Levels seen in this place.
 G = Mean time per level.
                   A        B        C        D        E       F      G
               +--------+--------+--------+--------+--------+-----+--------+
         Total |   4634 |   4426 |    208 |    587 |   2779 |   5 |  926.8 |
       Dungeon |   4634 |   4426 |    208 |    587 |   2779 |   5 |  926.8 |
               +--------+--------+--------+--------+--------+-----+--------+

Top non-repeatable levels by time:
     D:2: 1382 daAuts
     D:4: 1202 daAuts
     D:3: 1116 daAuts
     D:1: 585 daAuts
     D:5: 348 daAuts

Table legend:
 A = Kills in this place as a percentage of kills in the entire game.
 B = Kills by you in this place as a percentage of kills by you in the entire game.
 C = Kills by friends in this place as a percentage of kills by friends in the entire game.
 D = Other kills in this place as a percentage of other kills in the entire game.
 E = Experience gained in this place as a percentage of experience gained in the entire game.
 F = Experience gained in this place divided by the number of levels of this place that you have seen.
                   A       B       C       D       E      F
               +-------+-------+-------+-------+-------+----------------------
         Total | 100.0 | 100.0 |   N/A |   N/A | 100.0 | 299.2
       Dungeon | 100.0 | 100.0 |   N/A |   N/A | 100.0 | 299.2
               +-------+-------+-------+-------+-------+----------------------
